 Dungeon Crawl Stone Soup version 0.29.1-2-gbd0b4ee654 (webtiles) character file.

Game seed: 12632291665467379827

508 styxcanada the Covert (level 6, -4/32 HPs)
             Began as a Spriggan Brigand on Nov 15, 2022.
             Slain by a yak (14 damage)
             ... on level 4 of the Dungeon.
             The game lasted 00:14:35 (3638 turns).

styxcanada the Covert (Spriggan Brigand)            Turns: 3638, Time: 00:14:35

Health: -4/32      AC:  4    Str:  7    XL:     6   Next: 98%
Magic:  10/10      EV: 18    Int: 12    God:
Gold:   190        SH:  0    Dex: 19    Spells: 9/9 levels left

rFire   . . .      SeeInvis +   n - +4 dagger (venom)
rCold   . . .      Faith    .   (no shield)
rNeg    . . .      Spirit   .   b - +1 robe
rPois   .          Reflect  .   (helmet restricted)
rElec   .          Harm     .   c - +0 cloak
rCorr   .          Rampage  .   (gloves unavailable)
Will    +....                   (boots unavailable)
Stlth   ++++......              (no amulet)
HPRegen 0.10/turn               t - ring of flight
MPRegen 0.12/turn               (no ring)

@: flying, very quick
A: very small, no large weapons, unfitting armour, see invisible, speed 3
a: no special abilities


You were on level 4 of the Dungeon.
You visited 1 branch of the dungeon, and saw 4 of its levels.

You collected 229 gold pieces.
You spent 39 gold pieces at shops.

Inventory:

Hand Weapons
 a - a +2 dagger
 k - a +3 sling
 n - a +4 dagger of venom (weapon)
Missiles
 d - 2 poisoned darts (quivered)
 e - 3 curare-tipped darts
 f - 76 stones
 m - 6 boomerangs
Armour
 b - a +1 robe (worn)
 c - a +0 cloak (worn)
Jewellery
 t - a ring of flight (left hand)
Wands
 l - a wand of flame (9)
Scrolls
 g - 3 scrolls of identify
 i - 2 scrolls of teleportation
 j - a scroll of fear
 p - a scroll of enchant armour
 v - a scroll of enchant weapon
 w - a scroll of poison
Potions
 h - 5 potions of curing
 o - a potion of flight
 q - a potion of heal wounds
 r - a potion of lignification
 s - 2 potions of invisibility
 u - 3 potions of resistance


   Skills:
 * Level 2.5 Fighting
 + Level 3.5 Short Blades
 + Level 0.4 Ranged Weapons
 + Level 2.3 Throwing
 * Level 3.4 Dodging
 * Level 9.4 Stealth
 * Level 2.4 Spellcasting
 * Level 2.1 Evocations


You had 9 spell levels left.
You didn't know any spells.
Your spell library contained the following spells:

 Spells                   Type           Power      Damage    Failure   Level
 Call Canine Familiar     Summ           1%         N/A       61%         3
 Ozocubu's Armour         Ice            1%         N/A       61%         3
 Portal Projectile        Hex/Tloc       2%         N/A       61%         3
 Leda's Liquefaction      Hex/Erth       0%         N/A       95%         4
 Metabolic Englaciation   Hex/Ice        0%         N/A       100%        5
 Simulacrum               Ice/Necr       0%         N/A       100%        6


Dungeon Overview and Level Annotations

Branches:
Dungeon (4/15)
 Temple: D:4-7

Altars:

Shops:
D:2 !   D:4 (


Innate Abilities, Weirdness & Mutations

You are very small and have problems with some larger weapons.
You are too small for most types of armour.
You have supernaturally acute eyesight. (SInv)
You cover ground extremely quickly. (Speed+++)


Message History

You throw a poisoned dart.
The poisoned dart barely misses the yak.
The poisoned dart hits the yak.
The yak is poisoned.
The yak is moderately wounded.
Throw: 5 darts (poison)
Press: ? - help, Q - select action, (/) - cycle Shift-Dir - straight line, f/p - yak
Aim: a yak (moderately wounded, poisoned, 73% to hit)
You throw a poisoned dart. The poisoned dart hits the yak.
The yak looks even sicker.
The yak is almost dead.
Throw: 4 darts (poison)
Press: ? - help, Q - select action, (/) - cycle Shift-Dir - straight line, f/p - yak
Aim: a yak (moderately wounded, poisoned, 73% to hit)
You throw a poisoned dart. The poisoned dart hits the yak.
The yak looks even sicker.
The yak is almost dead.
You kill the yak!
Your Evocations skill increases to level 2!
Throw: 3 darts (poison)
Press: ? - help, Q - select action, (/) - cycle Shift-Dir - straight line, f/p - yak
Aim: a yak (moderately wounded, poisoned, 73% to hit)
You throw a poisoned dart.
The poisoned dart closely misses the yak.
You hit the yak but do no damage.
The yak is poisoned.
The yak looks more healthy.
You closely miss the yak.
The yak is moderately wounded.
The yak closely misses you. The yak completely misses you.
You hit the yak but do no damage.
The yak is poisoned.
The yak is moderately wounded.
The yak gores you!
Ouch! That really hurt!
The yak barely misses you.
You hit the yak.
The yak looks as sick as possible!
The yak is lightly wounded.
The yak misses you. The yak gores you.
You hit the yak but do no damage.
The yak looks as sick as possible!
The yak is lightly wounded.
The yak gores you!
You die...

...####........#..............#.#
...............#)...............#
...............#............#.###
...............#............#.#..
#.....<........#............#.#.#
#..............#...#####....#...#
#..............#...# #......###
##....(..(..(..#...#####......#
##....(##(.....Y@.............###
...†...##......Y..............)..
.......##..............##.....##.
.......................'...)..##.
##.....................#......###
.#........#..###.......#......# #
......................)#......# #
.......#...............#...[..# #
.......#...............#....### #


You could see 2 yaks.

Vanquished Creatures
  2 yaks (D:4)
  A hound (D:4)
  Jessica (D:3)
  An iguana (D:4)
  4 adders
  3 dart slugs
  6 orcs
  5 endoplasms
  7 goblins
  5 hobgoblins
  14 jackals
  7 kobolds
  2 quokkas
  10 ball pythons
  4 bats
  4 frilled lizards
  9 rats
85 creatures vanquished.

Notes
Turn   | Place    | Note
-------+----------+-------------------------------------------
     0 | D:1      | styxcanada the Spriggan Brigand began the quest for the
                  | Orb.
     0 | D:1      | Reached XP level 1. HP: 10/10 MP: 2/2
    20 | D:1      | Reached skill level 6 in Stealth
   144 | D:1      | Reached XP level 2. HP: 15/15 MP: 3/3
   383 | D:1      | Found a faded altar of an unknown god.
   599 | D:1      | Reached XP level 3. HP: 16/18 MP: 4/4
  1222 | D:2      | Found Quimen's Distillery.
  1240 | D:2      | Bought a potion of curing for 39 gold pieces
  1342 | D:2      | Reached skill level 7 in Stealth
  1539 | D:2      | Reached XP level 4. HP: 23/23 MP: 4/6
  2250 | D:3      | Noticed Jessica
  2258 | D:3      | Killed Jessica
  2259 | D:3      | Reached skill level 1 in Spellcasting
  2773 | D:3      | Reached XP level 5. HP: 24/26 MP: 7/7
  2915 | D:4      | Reached skill level 8 in Stealth
  2915 | D:4      | Reached skill level 1 in Evocations
  2927 | D:4      | Found Ovvik's Antique Weapon Boutique.
  3572 | D:4      | Noticed a yak
  3574 | D:4      | Noticed a yak
  3575 | D:4      | Noticed a yak
  3576 | D:4      | Noticed a yak
  3615 | D:4      | Killed a yak
  3616 | D:4      | Reached skill level 9 in Stealth
  3616 | D:4      | Reached XP level 6. HP: 31/32 MP: 8/10
  3630 | D:4      | Killed a yak
  3638 | D:4      | Slain by a yak

Illustrated notes

Levels and vault maps discovered:
D:1:      amcnicky_arrival_choice, layout_basic,
          hellmonk_ecumenical_altar_lost_god, hangedman_decor_push,
          minmay_octomino_j4
D:2:      layout_basic, serial_shops, shop, st_stairs_8, grunt_ministairs_4
D:3:      layout_loops_ring, uniq_jessica
D:4:      layout_basic, serial_shops, shop

Skill      XL: |  1  2  3  4  5  6 |
---------------+-------------------+-----
Stealth        | 6 7 9 |  9.4
Dodging        | 2 3 |  3.4
Fighting       | 2 |  2.5
Spellcasting   | 1 2 |  2.4
Evocations     | 1 2 |  2.1
Short Blades   | 3 |  3.5
Ranged Weapons | |  0.4
Throwing       | |  2.3

Action                   |  1- 3 |  4- 6 || total
-------------------------+-------+-------++-------
Melee: Dagger            |    87 |    80 ||   167
       Punch             |       |     3 ||     3
 Fire: Sling             |    12 |       ||    12
Throw: Dart              |       |    21 ||    21
Evoke: Wand              |       |     2 ||     2
  Use: Scroll            |     6 |    10 ||    16
 Stab: Sleeping          |    13 |    12 ||    25
Armor: Robe              |    10 |     6 ||    16
Dodge: Dodged            |    63 |    41 ||   104
